 Dungeon Sprint DCSS version 0.27.1-1-g398f81649c (webtiles) character file.

Game seed: 13341144268908075900

1909 ugugthedestroyer the Envoy of Void (level 8, 0/76 HPs)
             Began as a Demonspawn Abyssal Knight on Sept 6, 2021.
             Was a High Priest of Lugonu.
             Slain by a dream sheep (4 damage)
             ... in the Dungeon (Sprint VII: "The Pits").
             The game lasted 00:06:15 (1375 turns).

ugugthedestroyer the Envoy of Void (DsAK)           Turns: 1375, Time: 00:06:15

Health: 0/76       AC:  5    Str: 17    XL:     8   Next: 94%
Magic:  9/20       EV: 13    Int: 15    God:    Lugonu [*****.]
Gold:   0          SH:  4    Dex: 15    Spells: 7/7 levels left

rFire    . . .     SeeInvis .   q - +2 scimitar (flame)
rCold    . . .     Faith    .   (no shield)
rNeg     . . .     Spirit   .   b - +0 leather armour
rPois    .         Reflect  .   (helmet restricted)
rElec    .         Harm     .   p - +0 cloak
rCorr    .         Rampage  .   o - +0 pair of gloves
Will     .....     NoTele   +   (no boots)
Stlth    ++........             (no amulet)
HPRegen  0.22/turn              c - +3 ring of strength
MPRegen  0.17/turn              k - +3 ring of dexterity

@: no status effects
A: antennae 2, large bone plates 1, powered by death 1
a: Renounce Religion, Bend Space, Banish, Corrupt


You were in the Dungeon.
You worshipped Lugonu.
Lugonu was extremely pleased with you.
You visited 1 branch

Inventory:

Hand Weapons
 a - a +1 falchion
 d - a +2 falchion
 q - a +2 scimitar of flaming (weapon)
Armour
 b - a +0 leather armour (worn)
 n - a +0 helmet
 o - a +0 pair of gloves (worn)
 p - a +0 cloak (worn)
Jewellery
 c - a +3 ring of strength (left hand)
 k - a +3 ring of dexterity (right hand)
Scrolls
 h - a scroll of blinking
 j - 5 scrolls of amnesia
Potions
 e - 5 potions of curing
 f - 4 potions of magic
 g - 2 potions of berserk rage
 i - a potion of invisibility
 l - 10 potions of heal wounds
 m - a potion of might


   Skills:
 + Level 11.7 Fighting
 + Level 7.4 Long Blades
 - Level 1.7 Armour
 + Level 3.7 Dodging
 - Level 2.8 Stealth
 + Level 2.5 Shields
 * Level 16.3 Invocations


You had 7 spell levels left.
You didn't know any spells.
Your spell library was empty.

Dungeon Overview and Level Annotations

Branches:
Dungeon (1/1)

Altars:
Gozag
Hepliaklqana
Sif Muna
Trog
Jiyva

Annotations:
D corrupted


Innate Abilities, Weirdness & Mutations

You have a pair of antennae on your head.
You are partially covered in large bone plates. (SH +4)
You regenerate a little health from kills.


Message History

You fall asleep.
The dream sheep bites the small abomination.
The dream sheep bites the lich but does no damage.
The dream sheep bites you!!
You wake up.
The dream sheep bites the chaos spawn!
The red devil hits the lich with a +0 trident!
The dream sheep bites the lich.
The dream sheep bites the small abomination.
The dream sheep barely misses you.
The raiju bites the dream sheep!
The raiju shocks the dream sheep!
The chaos spawn gores the dream sheep!
The chaos spawn freezes the dream sheep.
The lich touches the dream sheep!
The dream sheep dies!
A starcursed mass splits.
A ynoxinul comes into view.
The small abomination barely misses the dream sheep.
The small abomination hits the small abomination!!
The dream sheep bites the raiju!
The red devil hits the flying skull with a +0 trident.
The dream sheep barely misses the flying skull.
The dream sheep misses you.
You riposte.
You closely miss the dream sheep.
The dream sheep bites the lich but does no damage.
The dream sheep barely misses the small abomination.
The small abomination hits something!!!
Something bites the small abomination.
The dream sheep writhes in pain as voices assail its mind.
A starcursed mass splits.
The raiju bites the dream sheep but does no damage.
The lich touches the red devil!
The starcursed mass refuses to make way for you. (Use ctrl+direction or * direction to attack.) Unknown command.
Press: ? - help, Shift-Dir - straight line, f - dream sheep
Aim: a dream sheep (chance to affect: 84%)
The dream sheep is devoured by a tear in reality.
Lugonu claims a new guest.
The efreet hits the dream sheep with a +1 scimitar of flaming!
The efreet burns the dream sheep.
The large abomination hits you!!
* * * LOW HITPOINT WARNING * * *
The small abomination hits something.
The small abomination closely misses the small abomination.
The dream sheep bites the raiju.
The dream sheep bites you.
You die...

).##.......##''#####
..##.......##......#
####.......##......#
..##...<...###....## #
..##.......# .#..## ..
..##.......###....## ..x
####.......#..XxX..#...3
..##########..3XXXt.....
.############..#@§R#
.#....#..[.##X5hGY##
)#)...#!...####Y4#.#
.))...'..))# #x#z.##
'#....#..))##xxY4L†
.#....#...)#...Y#Y.#
####################


You could see a ynoxinul (wandering), a small abomination, 2 dream sheep, 3
neutral starcursed masses, a neutral glowing orange brain (summoned), a neutral
apocalypse crab (summoned), 3 neutral large abominations, a neutral efreet
(summoned), a neutral raiju (summoned), a neutral ynoxinul (summoned), a neutral
chaos spawn (summoned), 4 neutral small abominations and a neutral quasit
(summoned).

Vanquished Creatures
  A flying skull (D)
  A scorpion (D)
  An orc wizard (D)
  An adder (D)
  A river rat (D)
  A white imp (D)
  An ufetubus (D)
  A worm (D)
  An orc (D)
  A giant cockroach (D)
  A goblin (D)
  2 hobgoblins (D)
  A ball python (D)
  A kobold (D)
  A rat (D)
16 creatures vanquished.

Vanquished Creatures (collateral kills)
  2 orc priests (D)
  An orc wizard (D)
3 creatures vanquished.

Vanquished Creatures (others)
  A dream sheep (D)
1 creature vanquished.

Grand Total: 20 creatures vanquished

Notes
Turn   | Place    | Note
-------+----------+-------------------------------------------
     0 | D        | ugugthedestroyer the Demonspawn Abyssal Knight began the
                  | quest for the Orb.
     0 | D        | Reached XP level 1. HP: 18/18 MP: 2/2
    20 | D        | Reached skill level 1 in Dodging
    20 | D        | Reached skill level 3 in Invocations
    20 | D        | Gained mutation: You are partially covered in large bone
                  | plates. (SH +4) [demonic ancestry]
    20 | D        | Reached XP level 2. HP: 23/26 MP: 2/4
    46 | D        | Found a bloodstained altar of Trog.
    46 | D        | Found a shimmering blue altar of Sif Muna.
    46 | D        | Found a viscous altar of Jiyva.
    46 | D        | Found a hazy altar of Hepliaklqana.
    46 | D        | Found an opulent altar of Gozag.
    52 | D        | Noticed a scorpion
    62 | D        | Killed a scorpion
    62 | D        | Reached ** piety under Lugonu
    63 | D        | Reached skill level 4 in Invocations
    63 | D        | Reached XP level 3. HP: 11/36 MP: 4/6
    63 | D        | Reached XP level 4. HP: 13/43 MP: 4/7
   425 | D        | Noticed a flying skull
   439 | D        | Killed a flying skull
   439 | D        | Reached *** piety under Lugonu
   440 | D        | Reached skill level 1 in Shields
   440 | D        | Reached skill level 5 in Invocations
   440 | D        | Gained mutation: You regenerate a little health from kills.
                  | [demonic ancestry]
   440 | D        | Reached XP level 5. HP: 31/53 MP: 7/9
   512 | D        | Reached skill level 5 in Long Blades
   512 | D        | Noticed a black bear
   515 | D        | Reached **** piety under Lugonu
   517 | D        | Reached skill level 10 in Fighting
   517 | D        | Gained mutation: You have a pair of small antennae on your
                  | head. [demonic ancestry]
   517 | D        | Reached XP level 6. HP: 48/60 MP: 5/10
   523 | D        | Reached skill level 6 in Invocations
   525 | D        | Reached skill level 7 in Invocations
   599 | D        | Noticed a sky beast
   600 | D        | Banished a sky beast
   601 | D        | Reached skill level 8 in Invocations
   603 | D        | Noticed a freezing wraith
   604 | D        | Banished a freezing wraith
   605 | D        | Reached skill level 11 in Invocations
   605 | D        | Reached XP level 7. HP: 68/68 MP: 3/15
   698 | D        | Reached ***** piety under Lugonu
   890 | D        | Noticed a tyrant leech
   900 | D        | Reached skill level 12 in Invocations
   900 | D        | Banished a tyrant leech
   901 | D        | Reached skill level 13 in Invocations
   901 | D        | Gained mutation: You have a pair of antennae on your head.
                  | [demonic ancestry]
   901 | D        | Reached XP level 8. HP: 36/75 MP: 4/17
   929 | D        | Banished an unseen horror
   930 | D        | Reached skill level 14 in Invocations
  1207 | D        | Noticed a yaktaur
  1210 | D        | Reached skill level 15 in Invocations
  1212 | D        | Banished a yaktaur
  1213 | D        | Reached skill level 16 in Invocations
  1371 | D        | Noticed a dream sheep
  1371 | D        | Noticed a dream sheep
  1371 | D        | Noticed a dream sheep
  1371 | D        | Noticed a dream sheep
  1371 | D        | Noticed a dream sheep
  1371 | D        | Noticed a dream sheep
  1371 | D        | Noticed a dream sheep
  1371 | D        | Noticed a red devil
  1372 | D        | Corrupted D
  1372 | D        | Noticed a starcursed mass
  1372 | D        | Noticed a glowing orange brain
  1372 | D        | Noticed an efreet
  1372 | D        | Noticed an apocalypse crab
  1372 | D        | Noticed a raiju
  1372 | D        | Noticed a lich
  1373 | D        | Killed a dream sheep
  1374 | D        | Noticed a large abomination
  1375 | D        | Noticed a flying skull
  1375 | D        | Banished a dream sheep
  1375 | D        | Slain by a dream sheep

Illustrated notes

Levels and vault maps discovered:
D:        pitsprint [storerooms_1, entrance_room_1, metal_vault_2, armoury_1,
          mini_pit_1, grid_room_1, main_hall_1, silver_pit, the_coven_2,
          the_vestibule_1, steel_vault_3, golden_pit, hallway_of_sentries,
          crystal_vault_2, iron_vault_1, final_vault]

Skill      XL: |  1  2  3  4  5  6  7  8 |
---------------+-------------------------+-----
Fighting       | 4 7 9 10 11 | 11.7
Long Blades    | 2 3 4 5 6 7 |  7.4
Dodging        | 1 2 3 |  3.7
Invocations    | 3 4 5 11 13 16 | 16.3
Stealth        | 2 |  2.8
Shields        | 1 2 |  2.5
Armour         | |  1.7

Action                   |  1- 3 |  4- 6 |  7- 9 || total
-------------------------+-------+-------+-------++-------
Melee: Falchion          |    15 |    30 |    31 ||    76
Invok: Banish            |       |     4 |    11 ||    15
       Corrupt           |       |       |     1 ||     1
  Use: Potion            |     2 |     3 |     6 ||    11
       Scroll            |       |       |     1 ||     1
 Stab: Invisible         |       |     4 |       ||     4
Armor: Leather armour    |     2 |     4 |    10 ||    16
Dodge: Dodged            |     6 |    13 |    21 ||    40
Block: Other             |     1 |     3 |    10 ||    14
       Rpst.: Falchion   |     1 |     1 |     3 ||     5
       Scimitar          |       |       |     1 ||     1
